 Dungeon Crawl Stone Soup version 0.22-a0-78-g0f8607c (webtiles) character file.

1174 KristoblXynda the Slasher (level 8, -2/61 HPs)
             Began as a Red Draconian Gladiator on Jan 16, 2018.
             Killed by divine providence
             ... invoked by an orc priest
              (12 damage)
             ... on level 4 of the Dungeon.
             The game lasted 00:07:44 (4080 turns).

KristoblXynda the Slasher (Red Draconian Gladiator) Turns: 4080, Time: 00:07:45

Health: -2/61      AC:  6    Str: 18    XL:     8   Next: 18%
Magic:  8/8        EV: 15    Int: 14    God:
Gold:   288        SH:  0    Dex: 12    Spells: 7/7 levels left

rFire    + . .     SeeInvis .   m - +2 dagger (venom)
rCold    . . .     Gourm    .   (no shield)
rNeg     . . .     Faith    .   (armour unavailable)
rPois    .         Spirit   .   b - +0 hat
rElec    .         Reflect  .   (no cloak)
rCorr    .         Harm     .   (no gloves)
MR       .....                  (no boots)
Stlth    ++........             (no amulet)
HPRegen  0.20/turn              j - +4 ring of intelligence
MPRegen  0.11/turn              (no ring)

@: flying
A: breathe fire, unfitting armour, fire resistance 1, cold-blooded, AC +6
a: Breathe Fire


You were on level 4 of the Dungeon.
You were not hungry.

You visited 1 branch of the dungeon, and saw 4 of its levels.

You collected 288 gold pieces.

Inventory:

Hand Weapons
 a - a +0 long sword
 m - a +2 dagger of venom (weapon)
Missiles
 c - 2 throwing nets
 g - 3 javelins (quivered)
Armour
 b - a +0 hat (worn)
Jewellery
 j - a +4 ring of intelligence (left hand)
Scrolls
 f - 2 scrolls of remove curse
Potions
 i - a potion of resistance
 l - a potion of ambrosia
Comestibles
 d - 3 rations


   Skills:
 - Level 2.1 Fighting
 + Level 7.0 Long Blades
 - Level 3.4 Throwing
 + Level 6.4 Dodging
 + Level 1.4 Stealth


You had 7 spell levels left.
You didn't know any spells.

Dungeon Overview and Level Annotations

Branches:
Dungeon (4/15)
 Temple: D:4-7

Altars:
Ashenzari
Fedhas

Annotations:
D:4 Amnesiac's ghost, amateur TrEE


Innate Abilities, Weirdness & Mutations

You can breathe blasts of fire.
Your fiery red scales are hard. (AC +6)
You cannot fit into any form of body armour.
Your flesh is heat resistant. (rF+)
You are cold-blooded and may be slowed by cold attacks.


Message History

You hit the orc priest.
You kill the orc priest!
The orc hits you with a dagger.
* * * LOW HITPOINT WARNING * * *
An orc comes into view. It is wielding a hand axe.
The orc priest closely misses you.
The orc moves out of view.
You see here a leather armour.
You hit the orc priest.
The orc priest is poisoned.
The orc priest is moderately wounded.
The orc priest closely misses you. The orc hits you but does no damage.
You hit the orc priest.
The orc priest is heavily wounded.
The orc priest hits you but does no damage.
The orc misses you. The orc hits you but does no damage.
The orc priest barely misses you.
Things that are here:
a dagger; a robe; an orc corpse The orc priest mumbles some strange prayers to Beogh against you.
Beogh smites you!
You die...

###....###......#########.......
.........##.............##.......
###......##......†......##.......
#..............W........##[......
#.#.####.#.#.###........##.......
..#.#....#.#W# #######..........#
# #.##.#.#.# #..........#
#.#.####.#[#########..........#
#.........oW.o@................
#.#....###o#########.########.#
#...........########.########..
#>.............................
#................................
#.#.#....##...###..........#####.
#.#.#....##...#............#####.
# #.#....##...#.#................
#######...#.#..........†.....


You could see an orc priest, Amnesiac's ghost and 2 orcs.

Vanquished Creatures
  Grinder (D:3)
  9 big kobolds (D:3)
  3 orc priests (D:4)
  2 orc wizards (D:4)
  Jessica (D:3)
  Natasha (thrice) (D:3)
  2 gnolls (D:3)
  An ooze (D:3)
  A dart slug (D:3)
  3 leopard geckos
  2 orcs
  3 giant cockroaches
  4 goblins
  5 hobgoblins
  2 jackals (D:1)
  A quokka (D:3)
  7 bats
  3 frilled lizards
  42 kobolds
  5 rats
100 creatures vanquished.

Notes
Turn   | Place    | Note
-------+----------+-------------------------------------------
     0 | D:1      | KristoblXynda the Draconian Gladiator began the quest for the Orb.
     0 | D:1      | Reached XP level 1. HP: 17/17 MP: 1/1
   645 | D:1      | Reached XP level 2. HP: 24/24 MP: 2/2
  1013 | D:2      | Found a blossoming altar of Fedhas.
  1423 | D:2      | Reached XP level 3. HP: 21/29 MP: 3/3
  1696 | D:3      | Noticed Grinder
  1696 | D:3      | Paralysed by Grinder for 5 turns
  1705 | D:3      | Paralysed by Grinder for 5 turns
  1728 | D:3      | Killed Grinder
  1728 | D:3      | Reached skill level 4 in Long Blades
  1728 | D:3      | Reached XP level 4. HP: 31/36 MP: 4/4
  1728 | D:3      | Reached XP level 5. HP: 35/41 MP: 5/5
  1779 | D:3      | Found a shattered altar of Ashenzari.
  1846 | D:3      | Noticed Natasha
  1856 | D:3      | Killed Natasha
  1932 | D:3      | Reached XP level 6. HP: 39/48 MP: 6/6
  2354 | D:3      | HP: 2/48 [big kobold/club (2)]
  2358 | D:3      | Reached skill level 5 in Long Blades
  2836 | D:3      | Noticed Jessica
  2839 | D:3      | Killed Jessica
  2868 | D:3      | Reached skill level 5 in Dodging
  2868 | D:3      | Your scales start taking on a fiery red colour.
  2868 | D:3      | Reached XP level 7. HP: 55/55 MP: 7/7
  2868 | D:3      | Gained mutation: Your flesh is heat resistant. (rF+) [Red Draconian growth]
  2961 | D:3      | Reached skill level 6 in Long Blades
  3269 | D:3      | Noticed Natasha
  3285 | D:3      | Killed Natasha
  3472 | D:3      | Noticed Natasha
  3477 | D:3      | Killed Natasha
  3517 | D:3      | Reached XP level 8. HP: 52/61 MP: 8/8
  4027 | D:4      | Reached skill level 1 in Stealth
  4032 | D:4      | Noticed Amnesiac's ghost (amateur TrEE)
  4033 | D:4      | Reached skill level 7 in Long Blades
  4080 | D:4      | Killed from afar by an orc priest

Vault maps used:
D:1:      minmay_arrival_wavy_path
D:2:      fedhas_altar_4
D:3:      minmay_goblin_kobold_castle, evilmike_ruin_ashenzari, uniq_natasha,
          uniq_grinder, uniq_jessica
D:4:      uniq_sigmund, uniq_blork_the_orc

Skill      XL: |  1  2  3  4  5  6  7  8 |
---------------+-------------------------+-----
Throwing       | 2 3 |  3.4
Dodging        | 3 4 5 6 |  6.4
Long Blades    | 4 5 6 7 |  7.0
Stealth        | 1 |  1.4
Fighting       | |  2.1

Action                   |  1- 3 |  4- 6 |  7- 9 || total
-------------------------+-------+-------+-------++-------
Melee: Long sword        |    71 |    99 |    44 ||   214
       Tailslap          |    13 |    16 |    19 ||    48
       Dagger            |       |    25 |    90 ||   115
Throw: Javelin           |     2 |     3 |     4 ||     9
       Throwing net      |       |     1 |       ||     1
 Abil: Breathe Fire      |       |       |     1 ||     1
  Use: Scroll            |     2 |       |     4 ||     6
       Potion            |     2 |       |     3 ||     5
 Stab: Sleeping          |     2 |       |       ||     2
  Eat: Chunk             |     1 |       |     1 ||     2
       Ration            |     1 |     1 |     1 ||     3
Armor: Skin              |    18 |    71 |    39 ||   128
Dodge: Dodged            |    56 |   147 |    94 ||   297
       Rpst.: Long sword |    21 |    36 |     9 ||    66

Table legend:
 A = Spawn XP
 B = Non-spawn XP
 C = Spawn XP percentage of total XP
 D = Spawn monster count
 E = Non-spawn monster count
 F = Spawn count percentage of total count
 G = Total turns spent on level
                    A         B        C        D         E        F      G
               +---------+---------+-------+---------+---------+-------+---------
         Total |       0 |    1678 |   0.0 |       0 |     100 |   0.0 |  4080
               +---------+---------+-------+---------+---------+-------+---------
           D:1 |       0 |      26 |   0.0 |       0 |      17 |   0.0 |   944
           D:2 |       0 |      15 |   0.0 |       0 |       9 |   0.0 |   742
           D:3 |       0 |    1425 |   0.0 |       0 |      65 |   0.0 |  2162
           D:4 |       0 |     212 |   0.0 |       0 |       9 |   0.0 |   232
               +---------+---------+-------+---------+---------+-------+---------
